 Dungeon Crawl Stone Soup version 0.18-b1-22-ge198996 (webtiles) character file.

10355 shmeve the Cleaver (level 11, -6/104 HPs)
             Began as a Minotaur Berserker on May 4, 2016.
             Was a High Priest of Trog.
             Mangled by a yak (8 damage)
             ... on level 1 of the Lair of Beasts.
             The game lasted 00:22:42 (8068 turns).

shmeve the Cleaver (Minotaur Berserker)             Turns: 8068, Time: 00:22:43

Health: -6/104     AC: 15    Str: 27    XL:     11   Next: 35%
Magic:  10/10      EV:  8    Int:  5    God:    Trog [*****.]
Gold:   755        SH:  0    Dex: 10    Spells: 0 memorised, 10 levels left

rFire  . . .     SeeInvis .     K - +3 war axe (chop)
rCold  . . .     Gourm    .     g - +3 chain mail "Tedd" {rElec rPois rC-}
rNeg   . . .     Faith    +     (no shield)
rPois  +         Spirit   .     (helmet restricted)
rElec  +         Dismiss  .     (no cloak)
rCorr  .         Reflect  .     b - +2 pair of gloves {Str+3}
SustAt +         Harm     .     z - +0 pair of boots
MR     .....                    w - amulet of faith
Stlth  ..........               q - ring of protection from cold
                                u - ring of sustain attributes

@: exhausted, slowed, very heavily drained, very slow, not resistant to hostile
enchantments, extremely unstealthy
A: retaliatory headbutt, horns 2
a: Berserk, Trog's Hand, Brothers in Arms, Burn Spellbooks, Renounce Religion


You were on level 1 of the Lair of Beasts.
You worshipped Trog.
Trog was extremely pleased with you.
You were near starving.

You visited 3 branches of the dungeon, and saw 12 of its levels.
You also visited: Ossuary.

You collected 755 gold pieces.

Inventory:

Hand Weapons
 K - a +3 war axe of chopping (weapon)
Missiles
 A - 15 javelins of penetration (quivered)
Armour
 b - a +2 pair of gloves of strength (worn)
 g - the +3 chain mail "Tedd" (worn) {rElec rPois rC-}
   (You found it on level 10 of the Dungeon)

   It makes you vulnerable to cold.
   It insulates you from electricity.
   It protects you from poison.
 z - a +0 pair of boots (worn)
Jewellery
 q - a ring of protection from cold (right hand)
 u - a ring of sustain attributes (left hand)
 w - an amulet of faith (around neck)
Scrolls
 a - a scroll of brand weapon {unknown}
 e - 3 scrolls of enchant armour
 f - 4 scrolls of teleportation
 j - 4 scrolls of enchant weapon
 n - 6 scrolls of remove curse
 r - 2 scrolls of noise {unknown}
 s - 4 scrolls of identify
 y - a scroll of immolation {unknown}
 N - a scroll of vulnerability {unknown}
Potions
 d - 7 potions of curing
 h - 4 potions of agility
 i - 2 potions of brilliance {unknown}
 l - a potion of cancellation {unknown}
 o - 3 potions of invisibility {unknown}
 p - 7 potions of degeneration {unknown}
 t - a potion of resistance {unknown}
 v - a potion of experience {unknown}
 x - 4 potions of heal wounds {unknown}
 B - 2 potions of might {unknown}
 C - 2 potions of cure mutation {unknown}
 D - 2 potions of magic {unknown}
 F - a potion of ambrosia {unknown}
 G - a potion of mutation {unknown}
 H - a potion of haste {unknown}
 J - 3 potions of flight {unknown}
 M - a potion of beneficial mutation {unknown}
Comestibles
 c - 7 bread rations
 k - 4 meat rations
 m - 10 fruits
 I - a slice of pizza
 L - a beef jerky


   Skills:
 * Level 11.7(0.0) Fighting
 * Level 11.8(0.0) Axes
 + Level 6.9(0.0) Throwing
 + Level 8.3(0.0) Armour
 + Level 8.0(0.0) Dodging


You had 10 spell levels left.
You didn't know any spells.

Dungeon Overview and Level Annotations

Branches:
Dungeon (10/15)            Temple (1/1) D:4            Lair (1/8) D:10
    Orc (0/2) D:9

Altars:
Ashenzari
Cheibriados
Dithmenos
Elyvilon
Fedhas
Gozag
Kikubaaqudgha
Makhleb
Nemelex Xobeh
Okawaru
Pakellas
Qazlal
Ru
Sif Muna
Trog
Vehumet
Xom
Yredelemnul
Zin
The Shining One

Shops:
D:9 =

Annotations:
D:10 Sonja


Innate Abilities, Weirdness & Mutations

You reflexively headbutt those who attack you in melee.
You have a pair of horns on your head.


Message History

The yak gores you.
* * * LOW HITPOINT WARNING * * *
You are near starving!
You hit the yak. You headbutt the yak, but do no damage.
The yak is almost dead.
You barely miss the yak.
The yak is almost dead.
You hit the yak but do no damage.
The yak is lightly wounded.
You hit the yak but do no damage.
The yak is heavily wounded.
You miss the blink frog. The blink frog closely misses you.
You furiously retaliate!
You headbutt the blink frog. The blink frog hits you.
* * * LOW HITPOINT WARNING * * *
The yak gores you but does no damage. The yak closely misses you.
The yak gores you but does no damage. x2; The blink frog closely misses you.
The blink frog blinks!
The yak gores you.
* * * LOW HITPOINT WARNING * * *
The yak gores you!
You die...

.....................
.....................
....................
.##................
#................
#F...............
##................
P######Y................
......Y@F.ยง.............
......YY................
........................
........................
........................
........................
.............###........
.............# ###.....[


You could see 4 yaks and 2 blink frogs.

Vanquished Creatures
  An orc warlord (D:9)
  Erolcha (D:8)
  Josephine (D:10)
  A hydra (Lair:1)
  Pikel (D:6)
  Joseph (D:10)
  A centaur skeleton (D:10)
  A two-headed ogre (D:8)
  4 wraiths (D:10)
  A wyvern (D:9)
  6 yaks (D:10)
  Grum (D:9)
  A hungry ghost (D:9)
  The ghost of shmeve the Bolt Thrower, an amateur GrHu of Okawaru (D:4)
  A water moccasin (Lair:1)
  3 orc warriors
  An ice beast (D:9)
  2 sky beasts
  A necrophage (D:5)
  A black bear (D:10)
  A phantom (D:9)
  A slave (D:6)
  2 wolves (D:9)
  A centaur (D:5)
  4 ogres
  A crocodile (D:7)
  A big kobold (D:7)
  4 giant frogs
  7 killer bees (D:7)
  4 scorpions
  3 vampire bats (D:6)
  2 electric eels (D:10)
  4 crimson imps
  2 quasits (D:10)
  3 hounds
  3 jellies
  A giant frog skeleton (D:5)
  An orc priest (D:6)
  4 iguanas
  Ijyb (D:3)
  2 orc wizards (D:6)
  9 worker ants
  A big kobold zombie (Ossuary)
  8 mummies (Ossuary)
  A worker ant zombie (D:9)
  A howler monkey skeleton (D:6)
  8 adders
  A shadow imp (D:9)
  An ooze (D:4)
  An adder skeleton (D:4)
  A worm (D:2)
  7 dart slugs
  3 giant geckos
  29 orcs
  A bat skeleton (D:6)
  4 bat zombies (D:6)
  7 giant cockroaches
  14 hobgoblins
  17 jackals
  14 kobolds
  2 quokkas
  A ball python (D:6)
  5 bats
  4 giant newts
  A gnoll zombie (Ossuary)
  12 goblins
  3 hobgoblin zombies (Ossuary)
  3 jackal skeletons
  2 kobold zombies (Ossuary)
  An orc zombie (Ossuary)
  12 rats
257 creatures vanquished.

Vanquished Creatures (others)
  A hound skeleton (D:6)
  An adder (D:6)
  A jackal (D:6)
3 creatures vanquished.

Grand Total: 260 creatures vanquished

Notes
Turn   | Place    | Note
--------------------------------------------------------------
     0 | D:1      | shmeve the Minotaur Berserker began the quest for the Orb.
     0 | D:1      | Reached XP level 1. HP: 19/19 MP: 0/0
   109 | D:1      | Reached XP level 2. HP: 13/27 MP: 1/1
   452 | D:1      | Reached skill level 1 in Throwing
   653 | D:1      | Reached XP level 3. HP: 30/33 MP: 2/2
   671 | D:1      | Reached ** piety under Trog
  1103 | D:2      | Reached XP level 4. HP: 38/41 MP: 3/3
  1251 | D:2      | Reached *** piety under Trog
  1780 | D:3      | Noticed Ijyb
  1801 | D:3      | Killed Ijyb
  1801 | D:3      | Reached XP level 5. HP: 44/47 MP: 4/4
  1819 | D:3      | Found a glowing silver altar of Zin.
  1822 | D:3      | Found a snail-covered altar of Cheibriados.
  1879 | D:3      | Reached skill level 5 in Fighting
  2002 | D:3      | Found a shadowy altar of Dithmenos.
  2182 | D:4      | Reached XP level 6. HP: 56/56 MP: 5/5
  2184 | D:4      | Reached skill level 5 in Axes
  2256 | D:4      | Found a staircase to the Ecumenical Temple.
  2453 | D:4      | Noticed shmeve's ghost (amateur GrHu)
  2462 | D:4      | Killed shmeve's ghost
  2699 | D:4      | Reached XP level 7. HP: 53/63 MP: 6/6
  2853 | Temple   | Entered the Ecumenical Temple
  2880 | D:5      | Entered Level 5 of the Dungeon
  3042 | D:5      | Reached **** piety under Trog
  3425 | D:6      | Reached XP level 8. HP: 70/71 MP: 7/7
  3544 | D:6      | Found an oddly glowing altar of Pakellas.
  3552 | D:6      | Noticed Pikel
  3572 | D:6      | Killed Pikel
  3572 | D:6      | Reached skill level 5 in Armour
  3572 | D:6      | Reached skill level 5 in Dodging
  3781 | D:6      | Found a sacrificial altar of Ru.
  3861 | D:6      | Found an iron altar of Okawaru.
  4032 | D:6      | Found an ancient bone altar of Kikubaaqudgha.
  4109 | D:6      | Reached XP level 9. HP: 82/82 MP: 8/8
  4375 | D:7      | Received a gift from Trog
  4764 | D:7      | Reached ***** piety under Trog
  4843 | D:8      | Noticed Erolcha
  4856 | D:8      | Killed Erolcha
  4856 | D:8      | Reached skill level 5 in Throwing
  4967 | D:8      | Received a gift from Trog
  5309 | D:8      | Found a sand-covered staircase.
  5318 | Ossuary  | Entered an ossuary
  5329 | Ossuary  | Reached XP level 10. HP: 93/93 MP: 3/9
  5584 | D:9      | Reached skill level 10 in Fighting
  5838 | D:9      | Reached skill level 10 in Axes
  5880 | D:9      | Found a staircase to the Orcish Mines.
  5899 | D:9      | Found Ykid's Jewellery Boutique.
  6009 | D:9      | Found a stormy altar of Qazlal.
  6010 | D:9      | Noticed Grum
  6024 | D:9      | Killed Grum
  6188 | D:9      | Found a deep blue altar of Sif Muna.
  6239 | D:9      | Noticed an orc warlord
  6249 | D:9      | Killed an orc warlord
  6290 | D:10     | Entered Level 10 of the Dungeon
  6318 | D:10     | Noticed Josephine
  6324 | D:10     | Killed Josephine
  6654 | D:10     | Got a faintly humming chain mail
  6680 | D:10     | Reached XP level 11. HP: 75/102 MP: 10/10
  6736 | D:10     | Identified the +3 chain mail "Tedd" {rElec rPois rC-} (You found it on level 10 of the Dungeon)
  6954 | D:10     | Noticed Sonja
  6963 | D:10     | Paralysed by Sonja for 5 turns
  7022 | D:10     | Noticed Joseph
  7035 | D:10     | Killed Joseph
  7035 | D:10     | Received a gift from Trog
  7620 | D:10     | Received a gift from Trog
  7668 | D:10     | Found a staircase to the Lair.
  7943 | Lair:1   | Entered Level 1 of the Lair of Beasts
  8035 | Lair:1   | Noticed a five-headed hydra
  8041 | Lair:1   | Killed an eight-headed hydra
  8068 | Lair:1   | HP: 2/104 [yak (4)]
  8068 | Lair:1   | Mangled by a yak

Skill      XL: |  1  2  3  4  5  6  7  8  9 10 11 |
---------------+----------------------------------+-----
Throwing       | 1 2 3 4 5 6 |  6.9
Fighting       | 4 5 6 8 9 11 | 11.7
Axes           | 4 5 6 8 9 11 | 11.8
Dodging        | 3 4 5 6 7 8 |  8.0
Armour         | 3 4 5 6 7 8 |  8.3

Action                   |  1- 3 |  4- 6 |  7- 9 | 10-12 || total
-------------------------+-------+-------+-------+-------++-------
Melee: Hand axe          |    95 |   125 |   178 |       ||   398
       Headbutt          |    15 |    25 |    51 |    41 ||   132
       War axe           |       |       |    59 |   224 ||   283
Throw: Javelin           |       |       |       |     6 ||     6
Invok: Berserk           |       |     2 |     1 |     2 ||     5
       Trog's Hand       |       |     1 |     2 |     1 ||     4
       Burn Spellbooks   |       |       |     2 |     1 ||     3
  Use: Scroll            |       |       |     9 |       ||     9
  Eat: Chunk             |     1 |     5 |    12 |     4 ||    22
       Fruit             |       |       |       |     8 ||     8
Armor: Animal skin       |     1 |       |       |       ||     1
       Chain mail        |    58 |    77 |   108 |   210 ||   453
Dodge: Dodged            |    43 |    70 |   140 |   157 ||   410
